 Dungeon Crawl Stone Soup version 0.18-a0-1123-gbd92598 (webtiles) character file.

931 YrmMerkstave the Changer (level 7, -3/52 HPs)
             Began as a Yellow Draconian Transmuter on Jan 19, 2016.
             Slain by a troll (7 damage)
             ... on level 6 of the Dungeon.
             The game lasted 00:25:51 (6859 turns).

YrmMerkstave the Changer (DrTm)                     Turns: 6859, Time: 00:25:51

Health: -3/52      AC:  2    Str: 13    XL:     7   Next: 86%
Magic:  13/15      EV: 14    Int: 15    God:
Gold:   153        SH:  0    Dex: 16    Spells: 2 memorised, 8 levels left

rFire  . . .     SeeInvis .       - Unarmed
rCold  . . .     Gourm    .     (armour unavailable)
rNeg   . . .     Faith    .     (shield currently unavailable)
rPois  x         Spirit   .     (helmet currently unavailable)
rElec  .         Dismiss  .     (cloak currently unavailable)
rCorr  .         Reflect  .     (gloves currently unavailable)
SustAt .         Harm     .     (boots currently unavailable)
MR     .....                    (no amulet)
Stlth  ++........               (no ring)
                                (no ring)

@: spider-form (expiring), not resistant to hostile enchantments, unstealthy
A: (spit acid), (acid resistance), unfitting armour, (cold-blooded), AC +6
a: End Transformation


You were on level 6 of the Dungeon.
You were not hungry.
You were a venomous arachnid creature.
You visited 1 branch of the dungeon, and saw 6 of its levels.

You collected 153 gold pieces.

Inventory:

Missiles
 a - 84 arrows
 e - 15 arrows of flame
 h - 21 arrows of frost
Armour
 d - a +0 pair of gloves (melded)
 f - a +2 cloak of magic resistance (melded)
 s - a +2 cloak of invisibility
Wands
 k - a wand of cold (6/15)
Scrolls
 i - 11 scrolls of identify
 o - a scroll of enchant weapon
 q - a scroll of remove curse
Potions
 g - a potion of agility
 j - a potion of curing
Books
 b - a book of Changes

   Spells                             Type                      Level
   a - Beastly Appendage              Transmutation                1
   b - Sticks to Snakes               Transmutation                2
   c - Spider Form                    Transmutation/Poison         3
   d - Ice Form                       Ice/Transmutation            4
   e - Blade Hands                    Transmutation                5
 p - a book of Envenomations

   Spells                             Type                      Level
   a - Spider Form                    Transmutation/Poison         3
   b - Olgreb's Toxic Radiance        Poison                       4
   c - Alistair's Intoxication        Transmutation/Poison         5
   d - Poisonous Cloud                Conjuration/Poison/Air       6
Comestibles
 c - a bread ration
 m - 2 meat rations
 r - 5 fruits


   Skills:
 - Level 1.1 Fighting
 - Level 1.7 Dodging
 - Level 0.2 Stealth
 - Level 3.0 Unarmed Combat
 + Level 5.4 Spellcasting
 * Level 7.2 Transmutations
 + Level 0.4 Evocations


You had 8 spell levels left.
You knew the following spells:

 Your Spells              Type           Power        Failure   Level  Hunger
a - Blade Hands           Trmt           ####......   45%         5    ######.
b - Spider Form           Trmt/Pois      ##........   32%         3    ###....


Dungeon Overview and Level Annotations

Branches:
Dungeon (6/15)
 Temple: D:4-7

Altars:

Annotations:
D:1 1 runed door
D:4 PeterLawrence's ghost, novice GrFi


Innate Abilities, Weirdness & Mutations

((You can spit globs of acid.))
((You are resistant to acid.))
((Your golden yellow scales are hard (AC +6).))
Your body does not fit into most forms of armour.
((You are cold-blooded and may be slowed by cold attacks.))


Message History

A troll comes into view.
The troll shouts!
You found an alarm trap!
Casting: Spider Form
Confirm with . or Enter, or press ? or * to list all spells.
You turn into a venomous arachnid creature.
Your +2 cloak of magic resistance melds into your body.
Your +0 pair of gloves melds into your body.
You feel less resistant to hostile enchantments.
The troll bites you. The troll claws you! The troll misses you.
You barely miss the troll. The troll bites you! The troll closely misses you.
The troll barely misses you.
Your transformation is almost over.
The troll misses you. x2
The troll claws you!
* * * LOW HITPOINT WARNING * * *
There is a stone staircase leading up here.
The troll bites you!
* * * LOW HITPOINT WARNING * * *
The troll claws you!
You die...

#### ..######
#.#....#
###.#.##.#
#sT....#.# #
###.#..#.#
#.#####.#..#.#
#.#.......####.##
#...............#
##........^....##
...........###.#
##.#######.# #.#
.. #.# #.#


You could see a troll.

Vanquished Creatures
  A yak (D:5)
  An ogre (D:5)
  A centaur (D:5)
  A water moccasin skeleton (D:5)
  2 scorpions (D:5)
  A jelly (D:3)
  3 orc priests
  Crazy Yiuf (D:3)
  2 iguanas (D:5)
  An orc wizard (D:5)
  4 worker ants
  An adder (D:3)
  2 shadow imps (D:5)
  An adder zombie (D:5)
  An adder skeleton (D:5)
  2 worms (D:3)
  21 orcs
  A ball python (D:3)
  6 bats
  4 giant cockroaches
  7 hobgoblins
  8 jackals
  2 quokkas
  5 giant newts
  6 goblins
  7 kobolds
  A quokka skeleton (D:4)
  9 rats
102 creatures vanquished.

Notes
Turn   | Place    | Note
--------------------------------------------------------------
     0 | D:1      | YrmMerkstave the Draconian Transmuter began the quest for the Orb.
     0 | D:1      | Reached XP level 1. HP: 16/16 MP: 3/3
     1 | D:1      | Found a runed door.
   171 | D:1      | Reached XP level 2. HP: 21/23 MP: 3/5
  1364 | D:2      | Reached XP level 3. HP: 26/28 MP: 4/6
  1519 | D:2      | Learned a level 3 spell: Spider Form
  1887 | D:2      | Found a faded altar to an unknown god.
  2722 | D:3      | Reached XP level 4. HP: 27/35 MP: 4/8
  2833 | D:3      | Noticed Crazy Yiuf
  2878 | D:3      | Killed Crazy Yiuf
  2878 | D:3      | Reached skill level 4 in Transmutations
  3355 | D:3      | Reached XP level 5. HP: 36/40 MP: 5/10
  4214 | D:4      | Noticed PeterLawrence's ghost (novice GrFi)
  4240 | D:4      | HP: 1/40 [PeterLawrence's ghost (11)]
  4286 | D:5      | Entered Level 5 of the Dungeon
  4596 | D:5      | Noticed a centaur
  4600 | D:5      | Reached skill level 5 in Transmutations
  4600 | D:5      | Reached XP level 6. HP: 37/47 MP: 7/11
  5142 | D:5      | Reached skill level 6 in Transmutations
  5142 | D:5      | Reached XP level 7. HP: 30/52 MP: 9/13
  5142 | D:5      | Your scales start taking on a golden yellow colour.
  5274 | D:5      | Learned a level 5 spell: Blade Hands
  6318 | D:5      | Reached skill level 5 in Spellcasting
  6586 | D:5      | Noticed a yak
  6602 | D:5      | Killed a yak
  6602 | D:5      | Reached skill level 7 in Transmutations
  6847 | D:6      | Noticed a troll
  6859 | D:6      | Slain by a troll

Vault maps used:
D:1:      dpeg_arrival_caged_fury
D:2:      ecumenical_altar_2, lemuel_another_geyser
D:3:      uniq_crazy_yiuf_cottage
D:4:      overflow_temple_1_default, first_bread, minmay_misc_feat_roman,
          hangedman_decor_growths
D:5:      st_stairs_13
D:6:      nemelex_deck, minmay_temple_entry_purple_smoke, serial_undead,
          serial_undead_b, serial_undead_a, serial_undead_b, serial_undead_f,
          basic_altar, hex_tiny, sigmund_edmund_badplayer, uniq_menkaure

Action                   |  1- 3 |  4- 6 |  7- 9 || total
-------------------------+-------+-------+-------++-------
Melee: Unarmed           |   164 |   123 |    82 ||   369
 Cast: Beastly Appendage |    23 |       |       ||    23
       Spider Form       |     9 |    25 |    11 ||    45
 Abil: Evoke Invisibilit |       |     1 |       ||     1
       End Transformatio |       |       |     1 ||     1
  Use: Scroll            |     5 |     4 |     1 ||    10
       Potion            |     2 |     3 |     1 ||     6
  Eat: Chunk             |     4 |     1 |     3 ||     8
       Bread ration      |     1 |     2 |     1 ||     4
       Beef jerky        |       |     1 |       ||     1
